cohdb
Replays
Latest Replays
All Replays
Popular Replays
Top Player Replays
Match Explorer
How It Works
Community
CoH3 Stats
Reddit
Sign in to upload your games and track your stats! →
Sign in with Steam
Match 41606781
Unlisted
Match 41606781
Overview
Messages
Build Orders
End
Scout Squad
Construct Barracks
Selects Armored Battlegroup
Selects Veteran Crews
1⁄4-ton 4x4 Truck
Riflemen Squad
Riflemen Squad
Mechanized Support Center
Construct Weapon Support Center
M3 Armored Personnel Carrier
Engineer Squad
Sniper
Sniper
Construct Tank Depot
Construct Tank Depot
Selects Strength in Steel
Selects Seek and Destroy
Selects UNKNOWN (2160077)
M4A3E8 Sherman Easy Eight
M4A3E8 Sherman Easy Eight
Selects Field Repairs
Field Repairs
M4A3E8 Sherman Easy Eight
Engineer Squad
Salvage Crew
M4A3E8 Sherman Easy Eight
Selects War Machine
Field Repairs
Construct Medical Station
Seek and Destroy
Beze
PiffaWiff
RN42
UCAGC
TheLolkPlays
Brezelbube
CHINESE DO NOT SPEAK ENGLISH
Escobar
0
0
Comments
sign in to comment!
No comments posted yet!